 Dungeon Crawl Stone Soup version 0.22-a0-91-g23542c2 (webtiles) character file.

26 AkLexia the Skirmisher (level 2, -3/24 HPs)
             Began as a Demonspawn Abyssal Knight on Jan 23, 2018.
             Was a Follower of Lugonu.
             Slain by a gnoll
             ... wielding a +0 whip
              (6 damage)
             ... on level 2 of the Dungeon.
             The game lasted 00:05:54 (1221 turns).

AkLexia the Skirmisher (Demonspawn Abyssal Knight)  Turns: 1221, Time: 00:05:54

Health: -3/24      AC:  5    Str: 12    XL:     2   Next: 89%
Magic:  4/4        EV: 10    Int: 13    God:    Lugonu [*.....]
Gold:   90         SH:  0    Dex: 12    Spells: 1/1 levels left

rFire    . . .     SeeInvis .   a - +1 spear
rCold    . . .     Gourm    .   (no shield)
rNeg     . . .     Faith    .   d - +0 ring mail
rPois    .         Spirit   .   (no helmet)
rElec    .         Reflect  .   (no cloak)
rCorr    .         Harm     .   (no gloves)
MR       .....                  (no boots)
Stlth    +.........             (no amulet)
HPRegen  0.08/turn              (no ring)
MPRegen  0.09/turn              (no ring)

@: no status effects
A: talons 1
a: Depart the Abyss, Renounce Religion


You were on level 2 of the Dungeon.
You worshipped Lugonu.
Lugonu was aware of your devotion.
You were not hungry.

You visited 1 branch of the dungeon, and saw 2 of its levels.
You visited the Abyss 1 time.

You collected 90 gold pieces.

Inventory:

Hand Weapons
 a - a +1 spear (weapon)
Armour
 b - a +0 leather armour
 d - a +0 ring mail (worn)
Scrolls
 e - a scroll of amnesia {unknown}
 f - 3 scrolls of identify
 h - a scroll of blinking {unknown}
 j - a scroll of teleportation {unknown}
Potions
 g - a potion of agility
Comestibles
 c - 3 rations
 i - 3 chunks of flesh


   Skills:
 + Level 3.1 Fighting
 * Level 2.3 Polearms
 + Level 2.0 Armour
 + Level 1.3 Dodging
 + Level 2.9 Invocations


You had one spell level left.
You didn't know any spells.

Dungeon Overview and Level Annotations

Branches:
Dungeon (2/15)

Altars:
Dithmenos


Innate Abilities, Weirdness & Mutations

You have sharp toenails.


Message History

You are too injured to fight recklessly!
You are too injured to fight recklessly!
Attack whom?
Press: ? - help, Dir - move target cursor, f/p - gnoll
Aim: a gnoll, wielding a whip (moderately wounded)
You hit the gnoll.
The gnoll is heavily wounded.
The gnoll hits you with a whip!
* * * LOW HITPOINT WARNING * * *
A gnoll comes into view. It is wielding a club.
The gnoll shouts!
A dart slug comes into view.
You are too injured to fight recklessly!
Attack whom?
Press: ? - help, Dir - move target cursor, f/p - gnoll
Aim: a gnoll, wielding a whip (heavily wounded)
You hit the gnoll but do no damage.
The gnoll is heavily wounded.
The gnoll hits you with a whip.
You die...

.##.##.#.##.#
.##.........#
.........#
######.###
##.## #####
#...#######...#
#.....gg.gg...#
#...#######g..#
##...## ##@##
#.....# #.#
##...## #.#
......## #.#
#####. #.# #.
#.# #+ w.. ..#


You could see 2 gnolls, a dart slug and a goblin.

Vanquished Creatures
  An ooze (D:1)
  A worm (D:2)
  A dart slug (D:1)
  A giant cockroach (D:1)
  3 hobgoblins
  3 kobolds (D:1)
  A ball python (D:1)
  4 bats
  A frilled lizard (D:1)
  A goblin (D:2)
  3 rats (D:1)
20 creatures vanquished.

Notes
Turn   | Place    | Note
-------+----------+-------------------------------------------
     0 | Abyss:1  | AkLexia the Demonspawn Abyssal Knight began the quest for the Orb.
     0 | Abyss:1  | Reached XP level 1. HP: 18/18 MP: 2/2
    29 | D:1      | Escaped the Abyss
   161 | D:1      | Reached skill level 1 in Dodging
   229 | D:1      | Reached * piety under Lugonu
   313 | D:1      | Gained mutation: You have sharp toenails. [demonic ancestry]
   313 | D:1      | Reached XP level 2. HP: 19/24 MP: 3/3
  1090 | D:2      | Found a shadowy altar of Dithmenos.
  1221 | D:2      | Slain by a gnoll

Vault maps used:
D:1:      saegor_arrival_miasma, serial_park_tiny_1, kennysheep_another_room
D:2:      kennysheep_slug_shrine, lemuel_doored_altar, okawaru_altar_gauntlet_db

Skill      XL: |  1  2 |
---------------+-------+-----
Dodging        | 1 |  1.3
Polearms       | 2 |  2.3
Armour         | 2 |  2.0
Fighting       | |  3.1
Invocations    | |  2.9

Action                   || total
-------------------------++-------
Melee: Spear             ||    83
       Kick              ||    11
Invok: Depart the Abyss  ||     1
  Use: Scroll            ||     1
  Eat: Chunk             ||     1
Armor: Leather armour    ||    15
       Ring mail         ||     4
Dodge: Dodged            ||    33

Table legend:
 A = Spawn XP
 B = Non-spawn XP
 C = Spawn XP percentage of total XP
 D = Spawn monster count
 E = Non-spawn monster count
 F = Spawn count percentage of total count
 G = Total turns spent on level
                    A         B        C        D         E        F      G
               +---------+---------+-------+---------+---------+-------+---------
         Total |       0 |      38 |   0.0 |       0 |      20 |   0.0 |  1221
               +---------+---------+-------+---------+---------+-------+---------
           D:1 |       0 |      28 |   0.0 |       0 |      15 |   0.0 |  1029
           D:2 |       0 |      10 |   0.0 |       0 |       5 |   0.0 |   163
               +---------+---------+-------+---------+---------+-------+---------
